 Dungeon Crawl Stone Soup version 0.31-a0-8-gd14b0f4ee2 (webtiles) character file.

Game seed: 5129166153117916523

37 gruber the Firebug (level 3, -7/24 HPs)
             Began as a Demonspawn Fire Elementalist on May 6, 2023.
             Killed by divine providence
             ... invoked by an orc priest
              (14 damage)
             ... on level 3 of the Dungeon.
             The game lasted 00:01:35 (2080 turns).

gruber the Firebug (Demonspawn Fire Elementalist)   Turns: 2080, Time: 00:01:36

Health: -7/24      AC:  6    Str:  8    XL:     3   Next: 21%
Magic:  6/6        EV: 12    Int: 18    God:
Gold:   98         SH:  0    Dex: 13    Spells: 5/6 levels left

rFire   . . .        m - +1 short sword (venom)
rCold   . . .        (no shield)
rNeg    + . .        a - +0 robe
rPois   .            (no helmet)
rElec   .            (no cloak)
rCorr   .            d - +2 pair of gloves
SInv    .            (no boots)
Will    .....        (no amulet)
Stlth   ++           j - ring of positive energy
HPRegen 0.24/turn    (no ring)
MPRegen 0.10/turn

%: no passive effects
@: no status effects
A: rugged brown scales 1
a: no special abilities


You were on level 3 of the Dungeon.
You visited 1 branch of the dungeon, and saw 3 of its levels.

You collected 98 gold pieces.

Inventory:

Hand Weapons
 g - a +2 vampiric dagger
 m - a +1 short sword of venom (weapon)
Armour
 a - a +0 robe (worn)
 d - a +2 pair of gloves (worn)
Jewellery
 j - a ring of positive energy (left hand)
Scrolls
 f - a scroll of teleportation {unknown}
 h - a scroll of fear {unknown}
 i - a scroll of poison {unknown}
 l - a scroll of enchant armour {unknown}
Potions
 b - a potion of magic
 c - a potion of lignification {unknown}
 e - 2 potions of degeneration {unknown}
 k - 2 potions of brilliance {unknown}


   Skills:
 - Level 1.7 Dodging
 - Level 1.7 Stealth
 + Level 2.4 Spellcasting
 * Level 2.0 Conjurations
 + Level 3.2 Fire Magic


You had 5 spell levels left.
You knew the following spells:

 Your Spells              Type           Power      Damage    Failure   Level
a - Foxfire               Conj/Fire      44%        2x1d6     6%          1

Your spell library contained the following spells:

 Spells                   Type           Power      Damage    Failure   Level
 Scorch                   Fire           26%        2d6       7%          2
 Inner Flame              Hex/Fire       8%         N/A       26%         3
 Volatile Blastmotes      Fire/Tloc      16%        2d11      26%         3
 Flame Wave               Conj/Fire      11%        2d6       50%         4


Dungeon Overview and Level Annotations

Branches:
Dungeon (3/15)

Altars:


Innate Abilities, Weirdness & Mutations

You are partially covered in rugged brown scales. (AC +1, +3% HP)


Message History

Found a hand axe.
You see here a frilled lizard corpse.
Key pressed, stopping explore.
Done exploring.
Done exploring.
Done exploring.
Done exploring.
(D) Dungeon
Where to? (Enter - D:2, ? - help)
There is a stone staircase leading down here.
You climb downwards.
Found a dagger.
There is a stone staircase leading up here.
An orc priest comes into view. It is wielding a +0 whip.
An orc priest is nearby!
An orc priest is nearby!
An orc priest is nearby!
The orc priest shouts!
An orc comes into view. It is wielding a +0 hand axe.
The orc shouts!
You hear a shout!
You hit the orc priest.
The orc priest is poisoned.
The orc priest is moderately wounded.
An orc comes into view. It is wielding a +0 mace.
The orc priest mumbles some strange prayers to Beogh against you.
Beogh smites you!
Ouch! That really hurt!
You are too injured to fight recklessly!
You are too injured to fight recklessly!
You hit the orc priest but do no damage.
The orc priest is moderately wounded.
The orc priest hits you with a +0 whip.
* * * LOW HITPOINT WARNING * * *
You hit the orc priest but do no damage.
The orc priest looks as sick as possible!
The orc priest is heavily wounded.
An orc comes into view. It is wielding a +0 short sword.
The orc priest mumbles some strange prayers to Beogh against you.
Beogh smites you!
Ouch! That really hurt!
You die...

#<..# ##.## #.#
#.# #.# #.# #.#
#o#############.##
#..ooo@..........#
#.################


You could see an orc priest (extremely poisoned) and 3 orcs.

Vanquished Creatures
  A worm (D:2)
  2 bats (D:1)
  3 endoplasms
  2 giant cockroaches
  A hobgoblin (D:2)
  8 kobolds
  2 quokkas
  6 ball pythons
  A frilled lizard (D:2)
  2 goblins
  4 rats (D:2)
32 creatures vanquished.

Vanquished Creatures (others)
  129 foxfires
129 creatures vanquished.

Grand Total: 161 creatures vanquished

Notes
Turn   | Place    | Note
-------+----------+-------------------------------------------
     0 | D:1      | gruber the Demonspawn Fire Elementalist began the quest for
                  | the Orb.
     0 | D:1      | Reached XP level 1. HP: 13/13 MP: 3/3
   479 | D:1      | Reached skill level 3 in Fire Magic
   533 | D:1      | Gained mutation: You are partially covered in rugged brown
                  | scales. (AC +1, +3% HP) [demonic ancestry]
   533 | D:1      | Reached XP level 2. HP: 13/19 MP: 1/5
  1516 | D:2      | Reached XP level 3. HP: 24/24 MP: 3/6
  2080 | D:3      | Killed from afar by an orc priest

Illustrated notes

Levels and vault maps discovered:
D:1:      matt_arrival_los_fun, layout_basic, corexii_leaking_fountain,
          minmay_misc_feat_secret_circle
D:2:      layout_loops_ring
D:3:      minmay_recursive_quarters, layout_basic,
          ebering_ecumenical_altar_petrified, uniq_grinder, uniq_ijyb

Skill      XL: |  1  2  3 |
---------------+----------+-----
Fire Magic     | 3 |  3.2
Conjurations   | 2 |  2.0
Dodging        | |  1.7
Stealth        | |  1.7
Spellcasting   | |  2.4

Action                     || total
---------------------------++-------
  Melee: Dagger            ||    14
         Short sword       ||     7
   Cast: Foxfire           ||    75
 Armour: Robe              ||     7
  Dodge: Dodged            ||    14

Table legend: (Time is in decaauts)
 A = Elapsed time spent in this place.
 B = Non-inter-level travel time spent in this place.
 C = Inter-level travel time spent in this place.
 D = Time resting spent in this place.
 E = Time spent auto-exploring this place.
 F = Levels seen in this place.
 G = Mean time per level.
                   A        B        C        D        E       F      G
               +--------+--------+--------+--------+--------+-----+--------+
         Total |   2078 |   2037 |     41 |      0 |   1815 |   3 |  692.7 |
       Dungeon |   2078 |   2037 |     41 |      0 |   1815 |   3 |  692.7 |
               +--------+--------+--------+--------+--------+-----+--------+

Top non-repeatable levels by time:
     D:1: 1100 daAuts
     D:2: 956 daAuts
     D:3: 20 daAuts
